 Dungeon Crawl Stone Soup version 0.25-a0-650-gd8b0990 (webtiles) character file.

Game seed: 4197625166686034080, levelgen mode: deterministic

29595 Dorkslayer the Cleaver (level 13, -5/82 HPs)
             Began as a Gargoyle Fighter on Mar 21, 2020.
             Was a High Priest of the Shining One.
             Killed from afar by a crystal guardian (15 damage)
             ... with a crystal bolt
             ... on level 12 of the Dungeon.
             The game lasted 01:31:30 (13897 turns).

Dorkslayer the Cleaver (Gargoyle Fighter)          Turns: 13897, Time: 01:31:30

Health: -5/82      AC: 19    Str: 25    XL:     13   Next: 46%
Magic:  8/20       EV: 12    Int:  8    God:    the Shining One [*****.]
Gold:   2256       SH: 28    Dex: 10    Spells: 12/12 levels left

rFire    + . .     SeeInvis .   c - +4 war axe (distort)
rCold    + . .     Gourm    .   p - +3 kite shield
rNeg     + + +     Faith    .   o - +0 acid dragon scales
rPois    ∞         Spirit   .   (no helmet)
rElec    +         Reflect  +   N - scarf {rC+ rF+}
rCorr    +         Harm     .   H - +0 pair of gloves
MR       .....                  m - +0 pair of boots
Stlth    +.........             b - amulet "Jette" {Reflect SH+3 Stlth+}
HPRegen  0.23/turn              K - ring of flight
MPRegen  0.17/turn              r - ring of resist corrosion

@: divine shield, flying, glowing
A: negative energy resistance 1, electricity resistance, unbreathing,
petrification resistance, rot immunity, AC +9
a: Divine Shield, Cleansing Flame, Summon Divine Warrior, Renounce Religion,
Stop Flying


You were on level 12 of the Dungeon.
You worshipped the Shining One.
The Shining One was extremely pleased with you.
You were full.

You visited 2 branches of the dungeon, and saw 14 of its levels.
You also visited: Gauntlet.

You collected 2394 gold pieces.
You spent 138 gold pieces at shops.

Inventory:

Hand Weapons
 c - a +4 war axe of distortion (weapon)
 l - the +7 scimitar of Wu Jian's Scorn {flame, +Blink}
   (You took it off a minotaur in a Gauntlet)

   It has been specially enchanted to burn those struck by it, causing extra
   injury to most foes and up to half again as much damage against particularly
   susceptible opponents.
   Big, fiery blades are also staple armaments of hydra-hunters.
   It lets you blink.
 J - a +0 broad axe
 L - the +5 morningstar of Agony {antimagic, rF+, unknown}
   (You found it in a Gauntlet)

   It reduces the magical energy of the wielder, and disrupts the spells and
   magical abilities of those hit.
   Natural abilities and divine invocations are not affected.
   It protects you from fire.
Missiles
 n - 8 javelins (quivered)
 z - 21 boomerangs
 A - 4 silver boomerangs
 I - 19 poisoned darts
 O - a curare-tipped dart
Armour
 m - a +0 pair of boots (worn)
 o - +0 acid dragon scales (worn)
 p - a +3 kite shield (worn)
 u - a scarf of cloud immunity
 F - a +2 cloak of invisibility
 H - a +0 pair of gloves (worn)
 N - a scarf of resistance (worn)
Jewellery
 b - the amulet "Jette" (around neck) {Reflect SH+3 Stlth+}
   (You found it in a Gauntlet)

   [amulet of reflection]

   It shields you and reflects attacks.
   It affects your SH (+3).
   It makes you more stealthy.
 r - a ring of resist corrosion (right hand)
 B - an uncursed amulet of guardian spirit
 K - a ring of flight (left hand)
Wands
 d - a wand of iceblast (23)
 g - a wand of digging (4)
 y - a wand of flame (33)
 D - a wand of acid (6)
 M - a wand of enslavement (6)
Scrolls
 e - 4 scrolls of remove curse
 h - a scroll of fog
 s - a scroll of amnesia {unknown}
 w - a scroll of immolation
 x - a scroll of teleportation
 E - a scroll of blinking {unknown}
 G - a scroll of enchant weapon
Potions
 i - a potion of ambrosia
 j - a potion of magic {unknown}
 k - a potion of cancellation {unknown}
 q - a potion of flight {unknown}
 t - 3 potions of mutation
 v - 3 potions of stabbing
 C - 3 potions of brilliance
 Q - a potion of degeneration {unknown}
 R - a potion of curing
Miscellaneous
 P - a phial of floods (inert)
Comestibles
 f - 22 rations


   Skills:
 * Level 10.1 Fighting
 + Level 11.2 Axes
 + Level 3.9 Throwing
 + Level 6.0 Armour
 + Level 4.5 Dodging
 + Level 9.2 Shields
 * Level 10.0 Invocations
 * Level 8.0 Evocations


You had 12 spell levels left.
You didn't know any spells.
Your spell library contained the following spells:

 Spells                   Type           Power        Failure   Level  Hunger
 Animate Skeleton         Necr           N/A          73%         1    ##.....
 Apportation              Tloc           #.....       73%         1    ##.....
 Corona                   Hex            #......      73%         1    ##.....
 Magic Dart               Conj           #...         73%         1    ##.....
 Summon Small Mammal      Summ           #...         73%         1    ##.....
 Blink                    Tloc           N/A          86%         2    ###....
 Call Imp                 Summ           #.......     86%         2    ###....
 Ensorcelled Hibernation  Hex/Ice        #.....       86%         2    ###....
 Slow                     Hex            #.......     86%         2    ###....
 Call Canine Familiar     Summ           #.......     97%         3    ####...
 Confusing Touch          Hex            #.......     97%         3    ####...
 Conjure Flame            Conj/Fire      #.......     97%         3    ####...
 Dazzling Flash           Conj/Hex       #.....       97%         3    ####...
 Ignite Poison            Fire/Tmut/Pois #.......     97%         3    ####...
 Mephitic Cloud           Conj/Pois/Air  #.......     97%         3    ####...
 Summon Guardian Golem    Hex/Summ       #.......     97%         3    ####...
 Tukima's Dance           Hex            #.......     97%         3    ####...
 Petrify                  Tmut/Erth      #.......     100%        4    #####..
 Summon Ice Beast         Ice/Summ       #.......     100%        4    #####..
 Summon Lightning Spire   Summ/Air       #.......     100%        4    #####..
 Alistair's Intoxication  Tmut/Pois      #.......     100%        5    ######.
 Irradiate                Conj/Tmut      #.........   100%        5    ######.
 Eringya's Noxious Bog    Tmut/Pois      #.........   100%        6    #######
 Sublimation of Blood     Necr           Unusable     N/A         2    N/A

Dungeon Overview and Level Annotations

Branches:
Dungeon (12/15)            Temple (0/1) D:5            Lair (0/6) D:9
    Orc (2/2) D:11            Elf (0/3) Orc:2       Gauntlet (visited)

Altars:
Ashenzari
Dithmenos
Fedhas
Gozag
Qazlal
Ru
Uskayaw
Wu Jian
The Shining One
Beogh

Shops:
D:5 (   D:10 (   Orc:2 ?[:(

Portals:
Trove: D:12 (give +2 shadow dragon scales)

Annotations:
D:12 exclusion: orange crystal statue
Orc:2 Donald


Innate Abilities, Weirdness & Mutations

You are resistant to torment.
Your stone body is resilient. (AC +9)
You are immune to poison.
You resist negative energy. (rN+)
You are resistant to electric shocks. (rElec)
You can survive without breathing.
You are immune to petrification.
You are immune to rotting.


Message History

Press: ? - help, v - describe, . - travel
Here: a crystal guardian (haloed)
The floor.
Unknown command.
Evoke which item? (* to show all) (? for menu, Esc to quit)
Aiming: Corrosive Bolt
Press: ? - help, Shift-Dir - straight line, f - crystal guardian
Aim: a crystal guardian (haloed)
The bolt of acid hits the crystal guardian.
The crystal guardian is splashed with acid.
The acid corrodes the crystal guardian!
The crystal guardian is lightly damaged.
The crystal guardian fires a crystalline bolt at you.
The crystal bolt misses you. The crystal bolt burns you!! You resist.
* * * LOW HITPOINT WARNING * * *
As you read the scroll of fog, it crumbles to dust.
The scroll dissolves into smoke.
The crystal guardian fires a crystalline bolt at you.
The crystal bolt freezes you! You resist.
You die...

.≈# ..... #≈#
###...).......## #≈# (...=.
#≈# #..##...<....# #≈#
...$..##≈# #..###........
#≈# $.$$.)##≈### #..#
##....... #≈#
(8..O.'≈≈#.###..# ##.......
#≈#
$.....##≈..##...###........
#≈#
)?$.).##8#§§#...#..........
#≈# ...$.(
#○#§§#.............. #≈#
.([.. #○#@§8......######..
#≈############≈§§###.#####
##... #≈≈≈≈≈≈≈≈≈≈≈≈≈≈###
#.# ##..#. #####....(....##
#.# #.#### ########### ###
### #


You could see a crystal guardian.

Vanquished Creatures
  A minotaur (Gauntlet)
  Snorg (D:10)
  A hydra (D:12)
  A two-headed ogre (D:8)
  A wizard (D:12)
  An orc sorcerer (Orc:1)
  2 orc knights (Orc:2)
  6 manticores
  A cyclops (D:11)
  Maggie (D:7)
  A molten gargoyle (Gauntlet)
  A gargoyle (D:12)
  2 kobold demonologists (D:12)
  An efreet (Gauntlet)
  A komodo dragon (D:12)
  3 trolls
  A hornet (D:12)
  A slime creature (D:12)
  Prince Ribbit (D:6)
  3 hippogriffs
  4 flying skulls (Gauntlet)
  3 wyverns
  A spriggan (D:10)
  A hungry ghost (D:12)
  A fire elemental (Gauntlet)
  19 yaks
  Grum (D:8)
  A vampire mosquito (D:12)
  Menkaure (D:5)
  Edmund (D:5)
  A warg (Orc:2)
  A hell hound (Gauntlet)
  Duvessa (D:7)
  A water moccasin (D:12)
  An acid dragon (D:9)
  2 ice beasts
  2 sky beasts
  34 orc warriors
  A black bear (D:11)
  2 necrophages (D:7)
  An eye of draining (D:8)
  4 ogres
  A phantom (D:8)
  4 wolves (D:8)
  12 centaurs
  3 crocodiles
  3 big kobolds (D:12)
  13 bullfrogs
  Dowan (D:7)
  2 scorpions (D:12)
  10 killer bees
  9 wights
  A howler monkey (D:10)
  7 crimson imps
  5 hounds
  A bullfrog zombie (D:8)
  A centaur zombie (D:5)
  2 jellies
  17 orc wizards
  Crazy Yiuf (D:6)
  19 orc priests
  2 iguanas (D:12)
  Jessica (D:3)
  2 bullfrog skeletons
  2 centaur skeletons
  13 worker ants
  A killer bee zombie (D:8)
  11 adders
  7 gnolls (D:5)
  2 howler monkey skeletons
  5 shadow imps
  3 oozes
  2 adder skeletons
  2 worms
  5 dart slugs
  4 leopard geckos
  76 orcs
  4 bats
  6 giant cockroaches
  4 goblins
  5 hobgoblins
  15 jackals
  A quokka (D:12)
  A ball python (D:5)
  7 frilled lizards
  11 kobolds
  A quokka zombie (D:7)
  7 rats
  A plant (D:11)
428 creatures vanquished.

Vanquished Creatures (others)
  An orc knight (Orc:2)
  An ugly thing (D:12)
  2 cyclopes
  2 gargoyles
  A komodo dragon (D:12)
  A tengu conjurer (D:12)
  A hippogriff (D:11)
  A vampire (D:11)
  2 yaks
  A human (D:10)
  A fire elemental (Gauntlet)
  An orc warrior (Orc:2)
  A sky beast (D:12)
  An ogre (Orc:2)
  2 centaurs
  A wyvern zombie (D:11)
  2 orc priests
  A worker ant (D:12)
  3 orc wizards
  A hound skeleton (D:8)
  14 demonic plants (Gauntlet)
41 creatures vanquished.

Grand Total: 469 creatures vanquished

Notes
Turn   | Place    | Note
-------+----------+-------------------------------------------
     0 | D:1      | Dorkslayer the Gargoyle Fighter began the quest for the
                  | Orb.
     0 | D:1      | Reached XP level 1. HP: 14/14 MP: 1/1
   125 | D:1      | Reached XP level 2. HP: 15/19 MP: 2/2
   158 | D:1      | Reached skill level 2 in Axes
   433 | D:1      | Reached XP level 3. HP: 23/24 MP: 3/3
   745 | D:2      | Found a glowing golden altar of the Shining One.
   756 | D:2      | Became a worshipper of the Shining One
   820 | D:2      | Found an opulent altar of Gozag.
  1093 | D:2      | Reached XP level 4. HP: 29/29 MP: 4/4
  1325 | D:3      | Found a blossoming altar of Fedhas.
  1376 | D:3      | Reached skill level 1 in Dodging
  1485 | D:3      | Noticed Jessica
  1491 | D:3      | Killed Jessica
  1491 | D:3      | Reached skill level 3 in Axes
  1491 | D:3      | Reached XP level 5. HP: 33/33 MP: 5/5
  1511 | D:3      | Noticed an ice beast
  1547 | D:3      | Killed an ice beast
  1547 | D:3      | Reached skill level 1 in Invocations
  1547 | D:3      | Reached skill level 1 in Evocations
  1547 | D:3      | Reached XP level 6. HP: 35/39 MP: 6/6
  2170 | D:4      | Reached * piety under the Shining One
  2183 | D:4      | Reached XP level 7. HP: 32/44 MP: 8/8
  2190 | D:4      | HP: 1/44 [orc priest/nerve-wracking pain (6)]
  2553 | D:4      | Reached skill level 5 in Fighting
  2553 | D:4      | Reached skill level 4 in Axes
  3182 | D:5      | Entered Level 5 of the Dungeon
  3231 | D:5      | Noticed a water elemental
  3232 | D:5      | Found a stormy altar of Qazlal.
  3235 | D:5      | Noticed a fire elemental
  3235 | D:5      | Noticed an air elemental
  3274 | D:5      | Reached ** piety under the Shining One
  3274 | D:5      | Reached XP level 8. HP: 49/49 MP: 10/10
  3314 | D:5      | Found an ornate altar of the Wu Jian Council.
  3377 | D:5      | Found an opulent altar of Gozag.
  3402 | D:5      | Noticed Menkaure
  3416 | D:5      | Found a hide-covered altar of Uskayaw.
  3447 | D:5      | Killed Menkaure
  3447 | D:5      | Reached skill level 5 in Axes
  3447 | D:5      | Reached skill level 1 in Throwing
  3704 | D:5      | Noticed Edmund
  3716 | D:5      | Killed Edmund
  3762 | D:5      | Found Qoastif's Antique Weapon Shop.
  3791 | D:5      | Bought a runed hand axe for 138 gold pieces
  3839 | D:5      | Found a shadowy altar of Dithmenos.
  3970 | D:5      | Found a staircase to the Ecumenical Temple.
  4157 | D:6      | Reached skill level 5 in Shields
  4202 | D:6      | Reached XP level 9. HP: 44/55 MP: 12/12
  4255 | D:6      | Noticed Prince Ribbit
  4272 | D:6      | Killed Prince Ribbit
  4272 | D:6      | Reached skill level 6 in Axes
  4312 | D:6      | Found a runed translucent door.
  4313 | D:6      | Noticed Crazy Yiuf
  4444 | D:6      | Killed Crazy Yiuf
  4801 | D:7      | Reached *** piety under the Shining One
  4807 | D:7      | Reached skill level 5 in Invocations
  4812 | D:7      | Reached skill level 5 in Armour
  5189 | D:7      | Noticed Dowan
  5190 | D:7      | Noticed Duvessa
  5190 | D:7      | Found a blossoming altar of Fedhas.
  5200 | D:7      | Killed Duvessa
  5201 | D:7      | Killed Dowan
  5428 | D:7      | Noticed Maggie
  5447 | D:7      | Killed Maggie
  5447 | D:7      | Reached XP level 10. HP: 48/61 MP: 14/14
  5544 | D:8      | Reached skill level 7 in Axes
  5744 | D:8      | Noticed Grum
  5756 | D:8      | Killed Grum
  5757 | D:8      | Found a shattered altar of Ashenzari.
  6012 | D:8      | Reached **** piety under the Shining One
  6041 | D:8      | Noticed a two-headed ogre
  6071 | D:8      | Killed a two-headed ogre
  6071 | D:8      | Reached skill level 5 in Evocations
  6648 | D:9      | Reached skill level 8 in Axes
  6762 | D:9      | Reached XP level 11. HP: 56/68 MP: 16/16
  6976 | D:9      | Found a staircase to the Lair.
  7645 | D:10     | Entered Level 10 of the Dungeon
  8010 | D:10     | Found Laprezee's Weapon Emporium.
  8076 | D:10     | Noticed Snorg
  8076 | D:10     | Reached ***** piety under the Shining One
  8351 | D:10     | Killed Snorg
  8474 | D:11     | Noticed a manticore
  8475 | D:11     | Noticed an unseen horror
  8573 | D:11     | Killed a manticore
  8573 | D:11     | Reached skill level 9 in Axes
  8706 | D:11     | Found a staircase to the Orcish Mines.
  8728 | D:11     | Found a roughly hewn altar of Beogh.
  8904 | Orc:1    | Entered Level 1 of the Orcish Mines
  8909 | Orc:1    | Noticed an orc sorcerer
  8916 | Orc:1    | Killed an orc sorcerer
  8998 | Orc:1    | Noticed a cyclops
  9027 | Orc:1    | Banished a cyclops
  9208 | Orc:2    | Entered Level 2 of the Orcish Mines
  9261 | Orc:2    | Noticed an orc knight
  9279 | Orc:2    | Noticed an orc knight
  9282 | Orc:2    | Reached XP level 12. HP: 49/75 MP: 18/18
  9490 | Orc:2    | Found Bakem's Book Shoppe.
  9490 | Orc:2    | Found Saiweqy's Antique Armour Shop.
  9492 | Orc:2    | Found Fuderiun's Magic Scroll Boutique.
  9494 | Orc:2    | Found Piophej's Antique Weapon Emporium.
  9511 | Orc:2    | HP: 1/75 [centaur/arrow (12)]
  9542 | Orc:2    | Found a staircase to the Elven Halls.
  9925 | Orc:2    | Noticed Donald
 10507 | D:11     | Reached skill level 10 in Axes
 10840 | D:11     | Found a sacrificial altar of Ru.
 11316 | D:12     | Found a portal to a secret trove of treasure.
 11332 | D:12     | Identified a scroll of acquirement
 11463 | D:12     | Found a runed translucent door.
 11540 | D:12     | Noticed a six-headed hydra
 11553 | D:12     | Killed a ten-headed hydra
 11668 | D:12     | Found a gate leading to a gauntlet.
 11679 | Gauntlet | Entered a Gauntlet
 11679 | Gauntlet | Found a transporter.
 11679 | Gauntlet | Found a transporter.
 11893 | Gauntlet | Found a transporter.
 11893 | Gauntlet | Found a transporter.
 11900 | Gauntlet | Found a transporter.
 11904 | Gauntlet | Found a large runed translucent door.
 11905 | Gauntlet | Found a large runed translucent door.
 11915 | Gauntlet | Found a transporter.
 11921 | Gauntlet | Found a transporter.
 11922 | Gauntlet | Noticed an entropy weaver
 11925 | Gauntlet | Found a transporter.
 11927 | Gauntlet | Found a transporter.
 11965 | Gauntlet | Found a transporter.
 11967 | Gauntlet | Noticed a death yak
 11967 | Gauntlet | Noticed a death yak
 11967 | Gauntlet | Noticed a death yak
 11987 | Gauntlet | Found a transporter.
 11989 | Gauntlet | Found a large runed translucent door.
 11990 | Gauntlet | Found a large runed translucent door.
 11992 | Gauntlet | Found a runed translucent gate.
 12018 | Gauntlet | Found a transporter.
 12022 | Gauntlet | Noticed a death yak
 12061 | Gauntlet | Found a transporter.
 12063 | Gauntlet | Found a large runed translucent door.
 12063 | Gauntlet | Found a large runed translucent door.
 12064 | Gauntlet | Found a large runed translucent door.
 12064 | Gauntlet | Found a large runed translucent door.
 12065 | Gauntlet | Found a runed translucent door.
 12065 | Gauntlet | Found a runed translucent door.
 12065 | Gauntlet | Found a large runed translucent door.
 12065 | Gauntlet | Found a large runed translucent door.
 12066 | Gauntlet | Found a large runed translucent door.
 12066 | Gauntlet | Found a large runed translucent door.
 12070 | Gauntlet | Found a large runed translucent door.
 12070 | Gauntlet | Found a large runed translucent door.
 12071 | Gauntlet | Found a large runed translucent door.
 12071 | Gauntlet | Found a large runed translucent door.
 12073 | Gauntlet | Found a runed translucent gate.
 12073 | Gauntlet | Found a runed translucent gate.
 12074 | Gauntlet | Noticed a catoblepas
 12075 | Gauntlet | Found a transporter.
 12182 | Gauntlet | Found a transporter.
 12197 | Gauntlet | Noticed a death yak
 12199 | Gauntlet | Found a transporter.
 12317 | Gauntlet | Got an ancient amethyst amulet
 12356 | Gauntlet | Identified the amulet "Jette" {Reflect SH+3 Stlth+} (You
                  | found it in a Gauntlet)
 12371 | Gauntlet | Got a pitted pewter ring
 12416 | Gauntlet | Reached XP level 13. HP: 74/80 MP: 17/20
 12481 | Gauntlet | Identified the +7 scimitar of Wu Jian's Scorn {flame,
                  | +Blink}
 12481 | Gauntlet | Noticed a minotaur
 12487 | Gauntlet | HP: 3/80 [minotaur/the +7 scimitar of Wu Jian's Scorn
                  | {flame, +Blink} (10)]
 12495 | Gauntlet | Killed a minotaur
 12517 | Gauntlet | Got a scorched morningstar
 12743 | D:12     | Identified the ring "Alea" {*Tele rElec Int+4 Dex-2 Stlth+}
                  | (You found it in a Gauntlet)
 12751 | D:12     | Upgraded the game from 0.25-a0-647-gd602d06 to
                  | 0.25-a0-650-gd8b0990
 13088 | D:12     | Reached skill level 10 in Fighting
 13109 | D:12     | Paralysed by a wizard for 5 turns
 13125 | D:12     | Reached skill level 11 in Axes
 13827 | D:12     | Reached skill level 10 in Invocations
 13884 | D:12     | Noticed a crystal guardian
 13897 | D:12     | Killed from afar by a crystal guardian

Levels and vault maps discovered:
D:1:      minmay_arrival_four_houses, layout_loops_ring
D:2:      layout_loops_ring, old_standard_altar, grunt_gozag_statues
D:3:      layout_basic, corexii_leaking_fountain, grunt_ministairs_1,
          fedhas_altar_2, uniq_jessica
D:4:      layout_loops_corners, corexii_hall_statues_x,
          minmay_a_box_with_orc_wizards_in_it
D:5:      layout_cave_pools, lemuel_crystal_altar, marbit_many_paths,
          nicolae_overflow_hidden_temple, temple_pool_b, serial_shops,
          nicolae_shop_stone, basic_altar, first_ration,
          nicolae_qazlal_style_of_elements, uniq_edmund, uniq_menkaure
D:6:      layout_rooms, uniq_crazy_yiuf_cottage, uniq_prince_ribbit1
D:7:      layout_loops_corners, overflow_temple_1_default, uniq_duvessa,
          uniq_maggie
D:8:      layout_basic, lemuel_coloured_pillars_altar, uniq_grum
D:9:      layout_cave_pods, erik_lair_dragon
D:10:     layout_basic, serial_shops, nicolae_shop_crystal,
          hangedman_stone_soup, hangedman_abyss_or_decor_jellyfish_corner,
          uniq_snorg
D:11:     layout_basic, minmay_orc_entry_temple_small, minmay_misc_feat_roman,
          nicolae_ru_the_path_less_chosen
D:12:     minmay_the_grid_octo_tiled_octocenter_mashed
          [minmay_the_grid_octo_empty, minmay_the_grid_octo_odd_swirl,
          minmay_the_grid_octo_fat_diamond, minmay_the_grid_octo_horde,
          minmay_the_grid_octo_prize_ultimate_mussel_roller,
          minmay_the_grid_square_5x5_n, minmay_the_grid_square_5x5_percent,
          minmay_the_grid_square_5x5_hourglass,
          minmay_the_grid_square_5x5_one_wall], layout_layer_cave,
          gauntlet_entry_generic, enter_trove_0, minmay_crystal_box
Orc:1:    layout_caves
Orc:2:    st_orc_rangers, layout_caves, uniq_donald

Skill      XL: |  1  2  3  4  5  6  7  8  9 10 11 12 13 |
---------------+----------------------------------------+-----
Axes           | 2 3 4 5 6 8 9 10 11 | 11.2
Fighting       | 4 5 6 7 8 9 10 | 10.1
Dodging        | 1 2 3 4 |  4.5
Shields        | 4 5 6 7 8 9 |  9.2
Invocations    | 1 2 3 4 5 6 8 9 10 | 10.0
Evocations     | 1 2 3 4 5 6 7 8 |  8.0
Armour         | 4 5 6 |  6.0
Throwing       | 1 2 3 |  3.9

Action                   |  1- 3 |  4- 6 |  7- 9 | 10-12 | 13-15 || total
-------------------------+-------+-------+-------+-------+-------++-------
Melee: War axe           |    74 |   138 |   119 |   512 |   126 ||   969
       Short sword       |     5 |       |       |       |       ||     5
       Hand axe          |       |       |   123 |    45 |       ||   168
Throw: Boomerang         |       |     1 |     4 |    30 |    18 ||    53
       Dart              |       |       |     4 |    28 |     1 ||    33
       Javelin           |       |       |     2 |    13 |    12 ||    27
       Throwing net      |       |       |       |     3 |       ||     3
Invok: Divine Shield     |       |       |       |     6 |     3 ||     9
       Cleansing Flame   |       |       |       |     1 |       ||     1
 Abil: Evoke Flight      |       |       |       |     1 |     3 ||     4
Evoke: Wand              |       |     1 |    21 |    17 |     5 ||    44
       Phial of floods   |       |       |       |       |     1 ||     1
  Use: Potion            |       |     2 |     2 |     8 |     1 ||    13
       Scroll            |       |       |    11 |    14 |     3 ||    28
  Eat: Ration            |     1 |       |     1 |     6 |     2 ||    10
       Chunk             |       |     1 |     8 |     8 |       ||    17
Armor: Scale mail        |    48 |    62 |    92 |     1 |       ||   203
       Acid dragon scale |       |       |       |   223 |    30 ||   253
Dodge: Dodged            |    34 |    40 |    69 |   189 |    35 ||   367
Block: Kite shield       |    41 |   100 |   145 |   410 |   113 ||   809
       Reflection        |       |       |       |       |     5 ||     5

Table legend:
 A = Non-vault XP
 B = Vault XP
 C = Vault XP percentage of total XP
 D = Non-vault monster count
 E = Vault monster count
 F = Vault count percentage of total count
                 A         B        C        D         E       F
            +---------+---------+-------+---------+---------+-------
      Total |   23586 |   18693 |  44.2 |     337 |     117 |  25.8
            +---------+---------+-------+---------+---------+-------
        D:1 |      39 |       0 |   0.0 |      20 |       0 |   0.0
        D:2 |      61 |       0 |   0.0 |      15 |       0 |   0.0
        D:3 |     349 |      43 |  11.0 |      38 |       4 |   9.5
        D:4 |     189 |     212 |  52.9 |      13 |       5 |  27.8
        D:5 |     541 |     346 |  39.0 |      19 |       3 |  13.6
        D:6 |     737 |     309 |  29.5 |      20 |       2 |   9.1
        D:7 |    1401 |     660 |  32.0 |      15 |       3 |  16.7
        D:8 |    2272 |     651 |  22.3 |      31 |       5 |  13.9
        D:9 |    2553 |     568 |  18.2 |      19 |       4 |  17.4
       D:10 |     784 |    1313 |  62.6 |      21 |       5 |  19.2
       D:11 |    6030 |     348 |   5.5 |      44 |      11 |  20.0
       D:12 |    5009 |    6186 |  55.3 |      36 |      30 |  45.5
      Orc:1 |    1412 |       0 |   0.0 |      13 |       0 |   0.0
      Orc:2 |    2209 |    4389 |  66.5 |      33 |      34 |  50.7
   Gauntlet |       0 |    3668 | 100.0 |       0 |      11 | 100.0
            +---------+---------+-------+---------+---------+-------
